 Dungeon Crawl Stone Soup version 0.29-a0-648-g6b26cc9f40 (webtiles) character file.

Game seed: 17672890553291869229

81 astraldaughter the Slasher (level 4, 0/31 HPs)
             Began as an Octopode Monk on June 19, 2022.
             Slain by a hobgoblin (4 damage)
             ... led by Robin
             ... on level 2 of the Dungeon.
             The game lasted 00:03:25 (2050 turns).

astraldaughter the Slasher (Octopode Monk)          Turns: 2050, Time: 00:03:25

Health: 0/31       AC:  1    Str: 16    XL:     4   Next: 40%
Magic:  4/4        EV: 14    Int: 12    God:
Gold:   82         SH:  0    Dex: 16    Spells: 3/3 levels left

rFire   . . .      SeeInvis .   a - +0 falchion
rCold   . . .      Faith    .   (no shield)
rNeg    + . .      Spirit   .   (helmet restricted)
rPois   .          Reflect  .   (no amulet)
rElec   .          Harm     .   d - +6 ring of strength
rCorr   .          Rampage  .   f - ring of positive energy
Will    .....                   (no ring)
Stlth   ++++......              (no ring)
HPRegen 0.10/turn               (no ring)
MPRegen 0.09/turn               (no ring)
                                (no ring)
                                (no ring)

@: brilliant, hasted, very quick
A: almost no armour, amphibious, 8 rings, camouflage 1, gelatinous body 1,
(nimble swimmer 1), tentacles
a: no special abilities


You were on level 2 of the Dungeon.
You visited 1 branch of the dungeon, and saw 4 of its levels.

You collected 82 gold pieces.

Inventory:

Hand Weapons
 a - a +0 falchion (weapon)
Jewellery
 d - a +6 ring of strength (left tentacle)
 f - a ring of positive energy (right tentacle)
Scrolls
 e - a scroll of vulnerability {unknown}
 h - 2 scrolls of identify {unknown}
 k - a scroll of fog {unknown}
 n - a scroll of amnesia {unknown}
 o - a scroll of poison {unknown}
 p - a scroll of teleportation {unknown}
Potions
 b - a potion of ambrosia
 c - a potion of heal wounds {unknown}
 g - 3 potions of brilliance
 i - a potion of curing {unknown}
 j - a potion of resistance {unknown}
 l - a potion of haste
 m - a potion of magic {unknown}


   Skills:
 + Level 3.4 Fighting
 * Level 4.0 Long Blades
 + Level 3.4 Dodging
 + Level 3.6 Stealth


You had 3 spell levels left.
You didn't know any spells.
Your spell library contained the following spells:

 Spells                   Type           Power      Damage    Failure   Level
 Ensorcelled Hibernation  Hex/Ice        0%         N/A       45%         2
 Sublimation of Blood     Necr           0%         N/A       45%         2
 Spider Form              Tmut/Pois      0%         N/A       69%         3
 Anguish                  Hex/Necr       0%         N/A       97%         4
 Petrify                  Tmut/Erth      0%         N/A       97%         4
 Irradiate                Conj/Tmut      0%         3d13      100%        5


Dungeon Overview and Level Annotations

Branches:
Dungeon (4/15)
 Temple: D:4-7

Altars:


Innate Abilities, Weirdness & Mutations

You cannot wear most types of armour.
You are amphibious.
You can wear up to eight rings at the same time.
Your skin changes colour to match your surroundings (Stealth+).
Your rubbery body absorbs attacks. (AC +1, EV +1)
((You are camouflaged when in or above water. (Stealth+)))
You have tentacles for arms and can constrict up to eight enemies at once.


Message History

You closely miss the goblin. Your grab misses the goblin.
The goblin hits you with a +0 dagger. The goblin completely misses you.
You hit the goblin. You grab the goblin.
The goblin is heavily wounded.
You constrict the goblin. The goblin hits you with a +0 dagger.
The goblin hits you with a +0 club.
It was a potion of brilliance.
You feel clever all of a sudden.
You constrict the goblin.
You kill the goblin!
The goblin no longer looks unusually strong.
The goblin hits you with a +0 club.
You slash the goblin!
You kill the goblin!
You hit the goblin but do no damage. Your grab misses the goblin.
The goblin no longer looks unusually strong.
The goblin misses you.
You barely miss the goblin. You grab the goblin. You squeeze the goblin.
You kill the goblin!
The goblin no longer looks unusually strong.
You closely miss the goblin. You grab the goblin. You constrict the goblin.
The goblin barely misses you. The goblin hits you with a +0 club.
* * * LOW HITPOINT WARNING * * *
It was a potion of haste.
You feel yourself speed up.
You constrict the goblin.
You kill the goblin!
Your Long Blades skill increases to level 4!
You slash the goblin!
You kill the goblin!
Unknown command.
The goblin barely misses you. The goblin closely misses you.
There is a large open door, spattered with blood here.
Items here: ! )))))) [[ ††††††.
You hit the goblin.
You kill the goblin!
The hobgoblin closely misses you. The goblin hits you with a +0 club.
* * * LOW HITPOINT WARNING * * *
You slash the goblin!
You kill the goblin!
The hobgoblin hits you.
You die...

.....########....#######.
............'............
.....########......#####.
.....# ###....# ###'##
#....# ##.### #....#
#....# #..).# #....#
##'### #....# ###@#####
#....# #.))g...# #....#
#.......# ##+###
#.......# #.# #.......#
#.# #######.# #.# .. #.#
.. # #.#


gg. You could see a hobgoblin.

Vanquished Creatures
  Robin (D:2)
  An adder (D:2)
  2 worms (D:2)
  A dart slug (D:1)
  An orc (D:3)
  4 bats
  2 endoplasms
  2 giant cockroaches (D:1)
  11 goblins
  3 hobgoblins (D:2)
  3 jackals (D:3)
  5 kobolds
  3 quokkas
  4 ball pythons
  5 frilled lizards
  5 rats
53 creatures vanquished.

Notes
Turn   | Place    | Note
-------+----------+-------------------------------------------
     0 | D:1      | astraldaughter the Octopode Monk began the quest for the
                  | Orb.
     0 | D:1      | Reached XP level 1. HP: 16/16 MP: 1/1
   247 | D:1      | Reached XP level 2. HP: 18/21 MP: 2/2
  1118 | D:2      | Reached XP level 3. HP: 18/26 MP: 3/3
  1684 | D:2      | You fall into a shaft and drop 2 floors!
  1905 | D:2      | Reached XP level 4. HP: 27/31 MP: 4/4
  2026 | D:2      | Noticed Robin
  2038 | D:2      | Killed Robin
  2047 | D:2      | Reached skill level 4 in Long Blades
  2050 | D:2      | Slain by a hobgoblin

Illustrated notes

Levels and vault maps discovered:
D:1:      dpeg_arrival_fog, layout_loops_ring, minmay_split_cup_small
D:2:      layout_basic, hangedman_decor_lopped, uniq_robin
D:3:      layout_basic, nicolae_yredelemnul_ghost_church
D:4:      layout_rooms, minitemple, uniq_duvessa, uniq_crazy_yiuf_cottage,
          uniq_ijyb

Skill      XL: |  1  2  3  4 |
---------------+-------------+-----
Stealth        | 3 |  3.6
Long Blades    | 4 |  4.0
Fighting       | |  3.4
Dodging        | |  3.4

Action                   |  1- 3 |  4- 6 || total
-------------------------+-------+-------++-------
Melee: Falchion          |    83 |    17 ||   100
       Constrict         |    24 |     6 ||    30
       Tentacles         |     8 |     4 ||    12
       Punch             |       |     1 ||     1
  Use: Potion            |       |     2 ||     2
 Stab: Sleeping          |     7 |       ||     7
Armor: Skin              |    11 |       ||    11
Dodge: Dodged            |    64 |    10 ||    74

Table legend: (Time is in decaauts)
 A = Elapsed time spent in this place.
 B = Non-inter-level travel time spent in this place.
 C = Inter-level travel time spent in this place.
 D = Time resting spent in this place.
 E = Time spent auto-exploring this place.
 F = Levels seen in this place.
 G = Mean time per level.
                   A        B        C        D        E       F      G
               +--------+--------+--------+--------+--------+-----+--------+
         Total |   2060 |   2032 |     28 |      0 |   1725 |   4 |  515.0 |
       Dungeon |   2060 |   2032 |     28 |      0 |   1725 |   4 |  515.0 |
               +--------+--------+--------+--------+--------+-----+--------+

Top non-repeatable levels by time:
     D:1: 1014 daAuts
     D:2: 856 daAuts
     D:3: 164 daAuts
     D:4: 26 daAuts
